 Dungeon Crawl Stone Soup version 0.31-a0-986-g5e6e4ef867 (webtiles) character file.

Game seed: 4051638072122469383

49 Dittersdorf the Shield-Bearer (level 4, -3/35 HPs)
             Began as a Human Fighter on Nov 7, 2023.
             Killed from afar by Sigmund (8 damage)
             ... with a magic dart
             ... on level 2 of the Dungeon.
             The game lasted 00:01:18 (1179 turns).

Dittersdorf the Shield-Bearer (Human Fighter)       Turns: 1179, Time: 00:01:19

Health: -3/35      AC:  6    Str: 18    XL:     4   Next: 1%
Magic:  4/4        EV:  9    Int:  8    God:
Gold:   55         SH:  0    Dex: 13    Spells: 3/3 levels left

rFire   . . .        a - +0 long sword
rCold   . . .        c - +0 buckler
rNeg    . . .        b - +0 scale mail
rPois   .            (no helmet)
rElec   .            (no cloak)
rCorr   .            (no gloves)
SInv    .            (no boots)
Will    .....        (no amulet) Stlth
                     (no ring)
HPRegen 0.25/turn    (no ring)
MPRegen 0.09/turn

%: no passive effects
@: confused
A: no striking features
a: no special abilities


You were on level 2 of the Dungeon.
You visited 1 branch of the dungeon, and saw 2 of its levels.

You collected 55 gold pieces.

Inventory:

Hand Weapons
 a - a +0 long sword (weapon)
Armour
 b - a +0 scale mail (worn)
 c - a +0 buckler (worn)
Scrolls
 e - 3 scrolls of identify {unknown}
 f - a scroll of teleportation {unknown}
Potions
 d - a potion of might


   Skills:
 + Level 3.4 Fighting
 + Level 2.6 Long Blades
 + Level 3.3 Armour
 + Level 3.4 Shields


You had 3 spell levels left.
You didn't know any spells.
Your spell library was empty.

Dungeon Overview and Level Annotations

Branches:
Dungeon (2/15)

Altars:

Annotations:
D:2 Sigmund


Message History

Sigmund is heavily wounded.
Sigmund hits you but does no damage.
You hit Sigmund but do no damage.
Sigmund is heavily wounded.
You barely miss Sigmund.
Sigmund is heavily wounded.
Sigmund hits you with a +0 scythe!
You are too injured to fight recklessly!
You are too injured to fight recklessly!
You are too injured to fight recklessly!
You are too injured to fight recklessly!
You are too injured to fight recklessly!
You are too injured to fight recklessly!
You are too injured to fight recklessly!
You are too injured to fight recklessly!
You are too injured to fight recklessly!
You are too injured to fight recklessly!
You are too injured to fight recklessly!
You are too injured to fight recklessly!
You are too injured to fight recklessly!
You are too injured to fight recklessly!
You are too injured to fight recklessly!
You are too injured to fight recklessly!
You are too injured to fight recklessly!
You are too injured to fight recklessly!
You barely miss Sigmund.
Sigmund is heavily wounded.
Sigmund hits you with a +0 scythe.
You barely miss Sigmund.
Sigmund is heavily wounded.
Sigmund hits you with a +0 scythe!
* * * LOW HITPOINT WARNING * * *
You barely miss Sigmund.
Sigmund is heavily wounded.
Sigmund casts a spell at you.
You are confused.
Sigmund gestures at you while chanting. The magic dart hits you!
You die...
Sigmund begins carving another notch in his scythe.

##.# ### #..#
..# #.## #.#
#.# #.# #.#
#.# #.# #.#
#.# ##.## #.#
#@@.#######.#
#.#.........#
#...#########
#####


You could see Sigmund.

Vanquished Creatures
  A dart slug (D:1)
  5 ball pythons (D:1)
  3 bats (D:1)
  5 endoplasms
  2 giant cockroaches
  4 goblins (D:1)
  2 hobgoblins (D:1)
  4 jackals (D:1)
  4 quokkas
  3 frilled lizards (D:1)
  A kobold (D:1)
  7 rats
41 creatures vanquished.

Notes
Turn   | Place    | Note
-------+----------+-------------------------------------------
     0 | D:1      | Dittersdorf the Human Fighter began the quest for the Orb.
     0 | D:1      | Reached XP level 1. HP: 18/18 MP: 1/1
   160 | D:1      | Reached XP level 2. HP: 19/24 MP: 2/2
   433 | D:1      | Reached XP level 3. HP: 29/29 MP: 3/3
  1139 | D:2      | Reached XP level 4. HP: 35/35 MP: 4/4
  1165 | D:2      | Noticed Sigmund
  1179 | D:2      | Killed from afar by Sigmund

Illustrated notes

Levels and vault maps discovered:
D:1:      roadster_arrival_rocket_large, layout_basic
D:2:      layout_loops_ring, uniq_sigmund, uniq_crazy_yiuf_cottage

Action                     |  1- 3 |  4- 6 || total
---------------------------+-------+-------++-------
  Melee: Long sword        |   212 |    12 ||   224
 Armour: Scale mail        |   119 |     9 ||   128
  Dodge: Dodged            |    75 |     3 ||    78
  Block: Buckler           |    26 |       ||    26

Table legend: (Time is in decaauts)
 A = Elapsed time spent in this place.
 B = Non-inter-level travel time spent in this place.
 C = Inter-level travel time spent in this place.
 D = Time resting spent in this place.
 E = Time spent auto-exploring this place.
 F = Levels seen in this place.
 G = Mean time per level.
                   A        B        C        D        E       F      G
               +--------+--------+--------+--------+--------+-----+--------+
         Total |   1253 |   1195 |     58 |    178 |    600 |   2 |  626.5 |
       Dungeon |   1253 |   1195 |     58 |    178 |    600 |   2 |  626.5 |
               +--------+--------+--------+--------+--------+-----+--------+

Top non-repeatable levels by time:
     D:1: 1176 daAuts
     D:2: 76 daAuts
